 Dungeon Crawl Stone Soup version 0.26-a0-667-g92642533e4 (webtiles) character file.

Game seed: 14086758848802667500

329 somkeydreadnuts the Chopper (level 6, -18/53 HPs)
             Began as a Minotaur Fighter on Oct 16, 2020.
             Was a Follower of Ru.
             Demolished by an ogre
             ... wielding a +0 giant club
              (21 damage)
             ... on level 5 of the Dungeon.
             The game lasted 00:11:33 (3004 turns).

somkeydreadnuts the Chopper (Minotaur Fighter)      Turns: 3004, Time: 00:11:34

Health: -18/53     AC:  7    Str: 22    XL:     6   Next: 25%
Magic:  5/5        EV:  8    Int:  5    God:    Ru [*.....]
Gold:   253        SH: 10    Dex: 10    Spells: 5/5 levels left

rFire    . . .     SeeInvis .   B - +0 mace (vorpal)
rCold    + . .     Faith    .   c - +0 kite shield
rNeg     . . .     Spirit   .   b - +0 scale mail
rPois    .         Reflect  .   (helmet restricted)
rElec    .         Harm     .   (no cloak)
rCorr    .         Rampage  .   (no gloves)
MR       +....                  (no boots)
Stlth    ..........             (no amulet)
HPRegen  0.17/turn              i - ring of protection from cold
MPRegen  0.09/turn              k - ring of protection from magic

@: no status effects
A: retaliatory headbutt, horns 2, no air magic, no conjurations magic, no
transmutations magic
a: Renounce Religion


You were on level 5 of the Dungeon.
You worshipped Ru.
Ru was aware of your devotion.
You visited 1 branch of the dungeon, and saw 5 of its levels.

You collected 253 gold pieces.

Inventory:

Hand Weapons
 a - a +0 war axe
 B - a +0 vorpal mace (weapon)
 D - a +1 hunting sling of freezing
Armour
 b - a +0 scale mail (worn)
 c - a +0 kite shield (worn)
 o - a +0 pair of boots
Jewellery
 i - a ring of protection from cold (left hand)
 k - a ring of protection from magic (right hand)
 m - an uncursed amulet of the acrobat
Wands
 y - a wand of flame (14)
Scrolls
 f - a scroll of teleportation {unknown}
 g - 5 scrolls of identify {unknown}
 h - a scroll of enchant weapon {unknown}
 n - a scroll of remove curse {unknown}
 q - 2 scrolls of amnesia {unknown}
 r - a scroll of immolation {unknown}
 t - a scroll of fog {unknown}
 u - 2 scrolls of enchant armour {unknown}
Potions
 d - 2 potions of might
 e - 2 potions of brilliance {unknown}
 j - 2 potions of curing {unknown}
 p - 2 potions of degeneration {unknown}
 s - 2 potions of flight {unknown}
 v - a potion of ambrosia {unknown}
 w - a potion of stabbing {unknown}
 x - 2 potions of heal wounds {unknown}
 z - a potion of haste {unknown}
 A - a potion of cancellation {unknown}
 C - a potion of resistance {unknown}


   Skills:
 + Level 4.5 Fighting
 + Level 5.4 Axes
 + Level 0.3(3.3) Maces & Flails
 + Level 5.1 Armour
 + Level 1.1 Dodging
 + Level 0.1 Stealth
 + Level 4.8 Shields


You had 5 spell levels left.
You didn't know any spells.
Your spell library was empty.

Dungeon Overview and Level Annotations

Branches:
Dungeon (5/15)
 Temple: D:4-7

Altars:
Ashenzari
Kikubaaqudgha
Ru
Trog


Innate Abilities, Weirdness & Mutations

You reflexively headbutt those who attack you in melee.
You have a pair of horns on your head.
You cannot study or cast Air magic.
You cannot study or cast Conjurations magic.
You cannot study or cast Transmutations magic.


Message History

A quokka and a zombie come into view.
You sock the ogre!
The ogre is moderately wounded.
You block the quokka's attack.
The hound zombie bites you but does no damage.
The orc wizard barely misses you. The quokka bites you.
The ogre hits you with a +0 giant club!!
Ouch! That really hurt!
* * * LOW HITPOINT WARNING * * *
You barely miss the ogre.
The ogre is moderately wounded.
The hound zombie barely misses you. You furiously retaliate!
You headbutt the hound zombie! The quokka barely misses you.
You furiously retaliate!
You headbutt the quokka.
You kill the quokka!
The orc wizard hits you but does no damage.
The hound zombie closely misses you. You furiously retaliate!
You headbutt the hound zombie, but do no damage.
The ogre hits you with a +0 giant club!!
You die...

## ##.
#.O##+
#@o#
#.Z#.#
#.# #+
+#


You could see an ogre, an orc wizard and a hound zombie.

Vanquished Creatures
  A phantom (D:4)
  A hound (D:5)
  An orc wizard (D:4)
  An iguana (D:5)
  2 worker ants
  2 adders (D:2)
  A white imp (D:4)
  An adder skeleton (D:5)
  A worm (D:3)
  3 dart slugs (D:1)
  2 leopard geckos
  8 orcs
  A ball python (D:1)
  4 bats
  5 giant cockroaches
  7 goblins
  9 hobgoblins
  5 jackals
  2 quokkas
  2 frilled lizards
  4 kobolds
  A quokka zombie (D:5)
  9 rats
73 creatures vanquished.

Notes
Turn   | Place    | Note
-------+----------+-------------------------------------------
     0 | D:1      | somkeydreadnuts the Minotaur Fighter began the quest for
                  | the Orb.
     0 | D:1      | Reached XP level 1. HP: 19/19 MP: 0/0
   124 | D:1      | Reached XP level 2. HP: 27/27 MP: 1/1
   301 | D:1      | Reached XP level 3. HP: 33/33 MP: 2/2
   842 | D:2      | Found an ancient bone altar of Kikubaaqudgha.
   914 | D:2      | Found a sacrificial altar of Ru.
   930 | D:2      | Became a worshipper of Ru the Awakened
  1096 | D:2      | Found a bloodstained altar of Trog.
  1248 | D:2      | Reached XP level 4. HP: 40/40 MP: 3/3
  1541 | D:3      | You fall into a shaft and drop 1 floor!
  1545 | D:4      | Noticed a phantom
  1569 | D:4      | Killed a phantom
  1569 | D:4      | Reached XP level 5. HP: 19/46 MP: 4/4
  1842 | D:3      | Found a broken altar of Ashenzari.
  1872 | D:3      | You fall into a shaft and drop 2 floors!
  1872 | D:5      | Entered Level 5 of the Dungeon
  1923 | D:5      | Reached skill level 5 in Axes
  1926 | D:5      | Reached skill level 1 in Dodging
  2028 | D:4      | Reached skill level 5 in Armour
  2028 | D:4      | Reached XP level 6. HP: 23/53 MP: 5/5
  2286 | D:3      | Gained mutation: You cannot study or cast Air magic. [Ru
                  | sacrifice]
  2286 | D:3      | Gained mutation: You cannot study or cast Transmutations
                  | magic. [Ru sacrifice]
  2286 | D:3      | Gained mutation: You cannot study or cast Conjurations
                  | magic. [Ru sacrifice]
  2286 | D:3      | Reached * piety under Ru
  3002 | D:4      | You fall into a shaft and drop 1 floor!
  3003 | D:5      | HP: 2/53 [ogre/+0 giant club (27)]
  3004 | D:5      | Demolished by an ogre

Illustrated notes

Levels and vault maps discovered:
D:1:      minmay_arrival_wavy_path, layout_rooms
D:2:      layout_loops_ring, bloody_trog, lemuel_doored_altar,
          lemuel_crystal_altar
D:3:      layout_basic, cheibrodos_ashenzari_chains
D:4:      layout_gridville
D:5:      minmay_chambers_of_threes, layout_basic,
          grunt_dithmenos_smoke_and_mirrors

Skill      XL: |  1  2  3  4  5 |
---------------+----------------+-----
Shields        | 4 |  4.8
Fighting       | 4 |  4.5
Armour         | 4 5 |  5.1
Axes           | 3 4 5 |  5.4
Dodging        | 1 |  1.1
Maces & Flails | |  0.3
Stealth        | |  0.1

Action                   |  1- 3 |  4- 6 || total
-------------------------+-------+-------++-------
Melee: War axe           |    82 |    44 ||   126
       Headbutt          |    11 |    17 ||    28
       Mace              |       |    34 ||    34
Invok: Sacrifice Arcana  |       |     1 ||     1
Armor: Scale mail        |    34 |    33 ||    67
Dodge: Dodged            |    29 |    26 ||    55
Block: Kite shield       |    47 |    40 ||    87

Table legend: (Time is in decaauts)
 A = Elapsed time spent in this place.
 B = Non-inter-level travel time spent in this place.
 C = Inter-level travel time spent in this place.
 D = Time resting spent in this place.
 E = Time spent auto-exploring this place.
 F = Levels seen in this place.
 G = Mean time per level.
                   A        B        C        D        E       F      G
               +--------+--------+--------+--------+--------+-----+--------+
         Total |   3066 |   3066 |      0 |      0 |   2143 |   5 |  613.2 |
       Dungeon |   3066 |   3066 |      0 |      0 |   2143 |   5 |  613.2 |
               +--------+--------+--------+--------+--------+-----+--------+

Top non-repeatable levels by time:
     D:3: 1291 daAuts
     D:1: 752 daAuts
     D:2: 708 daAuts
     D:5: 159 daAuts
     D:4: 154 daAuts
